 Dungeon Crawl Stone Soup version 0.28.0-45-g0d030f2227 (webtiles) character file.

Game seed: 9400276328905088641

766 raph the Carver (level 7, -6/58 HPs)
             Began as a Pale Draconian Cinder Acolyte on May 29, 2022.
             Was a Follower of Ignis.
             Killed from afar by Ijyb (10 damage)
             ... with a bolt of acid
             ... on level 5 of the Dungeon.
             The game lasted 00:08:13 (5507 turns).

raph the Carver (Pale Draconian Cinder Acolyte)     Turns: 5507, Time: 00:08:13

Health: -6/58      AC: 18    Str: 16    XL:     7   Next: 52%
Magic:  6/9        EV: 11    Int: 14    God:    Ignis [*.....]
Gold:   303        SH:  0    Dex:  9    Spells: 7/9 levels left

rFire   + + .      SeeInvis +   a - +0 falchion (flame)
rCold   . . .      Faith    .   (no shield)
rNeg    . . .      Spirit   .   (armour unavailable)
rPois   .          Reflect  .   c - +2 hat {SInv}
rElec   .          Harm     .   (no cloak)
rCorr   .          Rampage  .   h - +2 pair of gloves
Will    .....                   (no boots)
Stlth   +.........              (no amulet)
HPRegen 0.19/turn               p - ring of protection from fire
MPRegen 0.11/turn               (no ring)

@: fiery-armoured, hasted, very quick
A: breathe steam, AC +6, unfitting armour, cold-blooded, steam resistance
a: Breathe Steam, Renounce Religion, Fiery Armour, Foxfire Swarm, Rising Flame


You were on level 5 of the Dungeon.
You worshipped Ignis.
Ignis was aware of your devotion.
You visited 1 branch of the dungeon, and saw 5 of its levels.
You also visited: Ossuary.

You collected 303 gold pieces.

Inventory:

Hand Weapons
 a - a +0 falchion of flaming (weapon)
Missiles
 n - 3 poisoned darts (quivered)
Armour
 c - a +2 hat of see invisible (worn)
 h - a +2 pair of gloves (worn)
Jewellery
 e - a ring of fire
 p - a ring of protection from fire (left hand)
Wands
 l - a wand of iceblast (4)
Scrolls
 i - a scroll of torment
 k - a scroll of teleportation
 m - a scroll of identify
 q - a scroll of summoning
 s - a scroll of fear
Potions
 b - a potion of resistance
 d - 3 potions of heal wounds {unknown}
 f - a potion of magic {unknown}
 j - 2 potions of cancellation
 o - 2 potions of haste
 t - a potion of mutation {unknown}
Miscellaneous
 g - a piece from Xom's chessboard (15/15)


   Skills:
 - Level 3.8 Fighting
 + Level 8.4 Long Blades
 - Level 1.6 Spellcasting
 - Level 3.8 Fire Magic


You had 7 spell levels left.
You knew the following spells:

 Your Spells              Type           Power      Damage    Failure   Level
a - Scorch                Fire           22%        2d6       8%          2

Your spell library contained the following spells:

 Spells                   Type           Power      Damage    Failure   Level
 Freeze                   Ice            4%         1d3       24%         1
 Frozen Ramparts          Ice            2%         1d2       58%         3
 Hailstorm                Conj/Ice       1%         3d3       94%         4


Dungeon Overview and Level Annotations

Branches:
Dungeon (5/15)            Ossuary (visited)
 Temple: D:4-7

Altars:

Shops:
D:1 (

Annotations:
D:3 2 transporters
D:5 Ijyb


Innate Abilities, Weirdness & Mutations

You can breathe blasts of scalding, opaque steam.
Your pale cyan-grey scales are hard. (AC +6)
You cannot fit into any form of body armour.
You are cold-blooded and may be slowed by cold attacks.
You are immune to the effects of steam.


Message History

Confirm with . or Enter, or press ? or * to list all spells.
Flames lash the orc.
The orc is almost dead.
The orc's fire resistance burns away.
The centaur barely misses you. The centaur closely misses you.
The centaur barely misses you.
The centaur kicks you but does no damage.
You hit the centaur but do no damage. The centaur hits you.
The centaur closely misses you.
The centaur wields a +2 vorpal shortbow.
The centaur shoots an arrow.
The arrow hits you!
A protective cloak of flame settles atop you.
The orc hits you but does no damage.
The orc is burned by your cloak of flames.
The orc is severely wounded.
The orc barely misses you.
You hit the orc but do no damage. You tail-slap the orc.
You kill the orc!
The orc is no longer more vulnerable to fire.
The orc misses you. The orc hits you but does no damage.
You hit the orc. You burn the orc.
You kill the orc!
The orc closely misses you.
You hit the orc. You burn the orc.
The orc is heavily wounded.
The centaur unwields a +2 vorpal shortbow.
The centaur hits you but does no damage.
The centaur is burned by your cloak of flames.
The centaur is lightly wounded.
The centaur barely misses you. The orc closely misses you.
Ijyb zaps a wand.
The bolt of acid hits you!!
* * * LOW HITPOINT WARNING * * *
The centaur completely misses you.
The centaur kicks you but does no damage.
The centaur is burned by your cloak of flames.
The centaur is heavily wounded.
Okay, then.
Okay, then.
It was a potion of haste.
You feel yourself speed up.
Ijyb zaps a wand.
The bolt of acid hits you!
You die...

......#.###...#....#
....... #......... ...[..
##........ ..... .#
##....... . #####...##.#
##.....#. #.#..#.......#
#......## ....)........##
##.....#.
#...c##....##....##...
##...g@..##..#..#.##...
.##....o.........#####..)
........###..##.. #...
###......# ###..#.###...
#......## ##..........
#..###..######...#####..#
##. ##......##.....#...##
. #....##.#.........##§
#................##§§


You could see Ijyb, a centaur and an orc.

Vanquished Creatures
  Menkaure (D:5)
  Edmund (D:5)
  A phantom (D:3)
  A scorpion (D:3)
  A centaur zombie (Ossuary)
  A hound (D:4)
  Terence (D:2)
  2 iguanas (D:4)
  A hound skeleton (D:4)
  6 mummies (Ossuary)
  4 gnolls (D:3)
  3 adders
  An ufetubus (D:5)
  An adder skeleton (D:4)
  A dart slug (D:1)
  10 orcs
  7 bats
  7 endoplasms
  5 giant cockroaches
  13 goblins
  5 hobgoblins
  4 quokkas
  3 ball pythons
  2 frilled lizards
  4 hobgoblin zombies (Ossuary)
  10 kobolds
  6 rats
102 creatures vanquished.

Vanquished Creatures (others)
  79 foxfires
  A fungus (D:1)
  2 plants (D:1)
82 creatures vanquished.

Grand Total: 184 creatures vanquished

Notes
Turn   | Place    | Note
-------+----------+-------------------------------------------
     0 | D:1      | raph the Draconian Cinder Acolyte began the quest for the
                  | Orb.
     0 | D:1      | Reached XP level 1. HP: 19/19 MP: 2/2
   570 | D:1      | Found Boff's Weapon Shop.
   579 | D:1      | Reached XP level 2. HP: 24/26 MP: 3/3
  1209 | D:1      | Reached XP level 3. HP: 25/31 MP: 5/5
  1212 | D:1      | Learned a level 2 spell: Scorch
  1291 | D:1      | Found a faded altar of an unknown god.
  1662 | D:2      | Noticed Terence
  1684 | D:2      | Killed Terence
  2085 | D:2      | Reached XP level 4. HP: 40/40 MP: 6/6
  2552 | D:3      | Identified the amulet "Kaps" {Faith Harm Int+2}
  2569 | D:3      | Found a transporter.
  2590 | D:3      | Found a transporter.
  2625 | D:3      | Reached skill level 4 in Long Blades
  2935 | D:3      | Noticed a scorpion
  2944 | D:3      | Killed a scorpion
  2945 | D:3      | Reached skill level 5 in Long Blades
  2945 | D:3      | Reached XP level 5. HP: 44/46 MP: 7/7
  3312 | D:3      | Identified the +5 hand axe "Elausaka" {holy, rElec}
  3540 | D:4      | Noticed a phantom
  3665 | D:3      | Killed a phantom
  3666 | D:3      | Reached skill level 6 in Long Blades
  3666 | D:3      | Reached XP level 6. HP: 41/52 MP: 8/8
  4695 | D:5      | Entered Level 5 of the Dungeon
  4740 | D:5      | Noticed Edmund
  4755 | D:5      | Killed Edmund
  4756 | D:5      | Reached skill level 7 in Long Blades
  4756 | D:5      | Your scales start taking on a pale cyan-grey colour.
  4756 | D:5      | Reached XP level 7. HP: 44/58 MP: 4/9
  4756 | D:5      | Gained mutation: You are immune to the effects of steam.
                  | [Pale Draconian growth]
  4804 | D:5      | Noticed Menkaure
  4812 | D:5      | Killed Menkaure
  4950 | D:5      | Found a sand-covered staircase.
  5052 | Ossuary  | Entered an ossuary
  5055 | Ossuary  | Reached skill level 8 in Long Blades
  5497 | D:5      | Noticed Ijyb
  5507 | D:5      | Killed from afar by Ijyb

Illustrated notes

Levels and vault maps discovered:
D:1:      dpeg_arrival_refuge, layout_loops_ring,
          shapermc_ecumenical_altar_hornbeckon, serial_shops,
          nicolae_shop_waterfront
D:2:      layout_loops_corners, kennysheep_generic_room_4, uniq_terence
D:3:      gammafunk_wand_slinger, layout_basic, minmay_randomly_rotated_circles
D:4:      layout_rooms
D:5:      minmay_evil_eye, layout_cave_pools, serial_shops,
          nicolae_shop_hallway_stairs, enter_ossuary_5,
          hellmonk_bongcloud_opening, hex_tiny, small_statue_intersection,
          uniq_menkaure, uniq_eustachio, uniq_edmund, uniq_ijyb

Skill      XL: |  1  2  3  4  5  6  7 |
---------------+----------------------+-----
Long Blades    | 5 6 7 8 |  8.4
Fighting       | |  3.8
Spellcasting   | |  1.6
Fire Magic     | |  3.8

Action                   |  1- 3 |  4- 6 |  7- 9 || total
-------------------------+-------+-------+-------++-------
Melee: Falchion          |    96 |   166 |    37 ||   299
       Tailslap          |     8 |    16 |    10 ||    34
       Punch             |       |     2 |     1 ||     3
 Cast: Scorch            |       |    11 |     9 ||    20
Invok: Fiery Armour      |     1 |     2 |     2 ||     5
       Foxfire Swarm     |     1 |     2 |     1 ||     4
  Use: Scroll            |     1 |    12 |     4 ||    17
       Potion            |       |       |     1 ||     1
 Stab: Sleeping          |     1 |       |       ||     1
Armor: Skin              |    44 |    83 |    20 ||   147
Dodge: Dodged            |    56 |   125 |    38 ||   219
